| TOP OF THE 1ST |
|
Phoenix Giants batting - Pitching for Spokane Indians : RHP Sammy Stewart
|
|
Pitching: RHP Sammy Stewart
|
|
|
Batting: LHB Raymond Rivas
|
0-0: Foul Ball, location: 2F 0-1: Ball 1-1: Called Strike 1-2: Fly out, F9 (Flyball, 9, EV 88.1 MPH)
|
|
Batting: LHB Bobby V Mitchell
|
0-0: Called Strike 0-1: Ball 1-1: Ground out 6-3 (Groundball, 6, EV 85.6 MPH)
|
|
Batting: LHB Ernie Riles
|
0-0: Called Strike 0-1: Ball 1-1: Foul Ball, location: 2F 1-2: Strikes out swinging
|
| Top of the 1st over - 0 runs, 0 hits, 0 errors, 0 left on base; Phoenix 0 - Spokane 0 |
| BOTTOM OF THE 1ST |
|
Spokane Indians batting - Pitching for Phoenix Giants : RHP Phil Huffman
|
|
Pitching: RHP Phil Huffman
|
|
|
Batting: SHB Jose Oquendo
|
0-0: Called Strike 0-1: SINGLE (Groundball, 4MS, EV 69.4 MPH) (infield hit)
|
|
Batting: LHB Stu Pederson
|
0-0: Ball Jose Oquendo is caught stealing 2nd base 2-6 1-0: Swinging Strike 1-1: Ball 2-1: Ball 3-1: Fly out, F6 (Line Drive, 6, EV 66.3 MPH)
|
|
Batting: LHB Darren Daulton
|
0-0: Swinging Strike 0-1: Swinging Strike 0-2: Fly out, F7 (Flyball, 7, EV 88.8 MPH)
|
| Bottom of the 1st over - 0 runs, 1 hit, 0 errors, 0 left on base; Phoenix 0 - Spokane 0 |
| TOP OF THE 2ND |
|
Phoenix Giants batting - Pitching for Spokane Indians : RHP Sammy Stewart
|
|
Batting: SHB John Macauley
|
0-0: Swinging Strike 0-1: Ball 1-1: Ground out 6-3 (Groundball, 6M, EV 87.5 MPH)
|
|
Batting: RHB Paul Zuvella
|
0-0: Called Strike 0-1: Fly out, F9 (Flyball, 89M, EV 84.4 MPH)
|
|
Batting: LHB Joseph Bruno
|
0-0: Foul Ball, location: 2F 0-1: Called Strike 0-2: Ball 1-2: Ball 2-2: Fly out, F7 (Flyball, 7LM, EV 74.4 MPH)
|
| Top of the 2nd over - 0 runs, 0 hits, 0 errors, 0 left on base; Phoenix 0 - Spokane 0 |
| BOTTOM OF THE 2ND |
|
Spokane Indians batting - Pitching for Phoenix Giants : RHP Phil Huffman
|
|
Batting: RHB Bill Schroeder
|
0-0: SINGLE (Line Drive, 4D, EV 108.1 MPH)
|
|
Batting: SHB Mark Gillaspie
|
0-0: Ball 1-0: Ball 2-0: Ball 3-0: Base on Balls Bill Schroeder to second
|
|
Batting: RHB Matthew Tyner
|
0-0: Called Strike 0-1: Called Strike 0-2: Foul Ball, location: 2F 0-2: Ball 1-2: Strikes out swinging
|
|
Batting: RHB Larry Fobbs
|
0-0: Called Strike 0-1: Fly out, F9 (Flyball, 9S, EV 73.8 MPH)
|
|
Batting: RHB Cleo Smith
|
0-0: Ground out 5-3 (Groundball, 56S, EV 78.1 MPH)
|
| Bottom of the 2nd over - 0 runs, 1 hit, 0 errors, 2 left on base; Phoenix 0 - Spokane 0 |
| TOP OF THE 3RD |
|
Phoenix Giants batting - Pitching for Spokane Indians : RHP Sammy Stewart
|
|
Batting: RHB Adam Veldman
|
0-0: Swinging Strike 0-1: Swinging Strike 0-2: Ball 1-2: Ball 2-2: SINGLE (Groundball, 56D, EV 105.6 MPH)
|
|
Batting: LHB Frank Gill
|
0-0: Ball 1-0: Grounds into double play, 3-6-3 (Groundball, 3, EV 103.8 MPH)
|
|
Batting: RHB Tom Wieghaus
|
0-0: Foul Ball, location: 2F 0-1: SINGLE (Groundball, 34D, EV 105.6 MPH)
|
|
Batting: LHB Raymond Rivas
|
0-0: Called Strike 0-1: Ball 1-1: Ground out 5-3 (Groundball, 56S, EV 80.6 MPH)
|
| Top of the 3rd over - 0 runs, 2 hits, 0 errors, 1 left on base; Phoenix 0 - Spokane 0 |
| BOTTOM OF THE 3RD |
|
Spokane Indians batting - Pitching for Phoenix Giants : RHP Phil Huffman
|
|
Batting: RHB Ty Waller
|
0-0: Foul Ball, location: 2F 0-1: SINGLE (Line Drive, 78S, EV 107.5 MPH)
|
|
Batting: SHB Jose Oquendo
|
0-0: Ball 1-0: Foul Ball, location: 2F 1-1: Ball 2-1: Fly out, F6 (Popup, 4MD, EV 69.4 MPH)
|
|
Batting: LHB Stu Pederson
|
0-0: Ball 1-0: Ball 2-0: Foul Ball, location: 2F 2-1: Fly out, F8 (Flyball, 8RXD, EV 95.0 MPH)
|
|
Batting: LHB Darren Daulton
|
0-0: Called Strike 0-1: Foul Ball, location: 2F 0-2: SINGLE (Line Drive, 6MD, EV 108.8 MPH) Ty Waller to second
|
|
Batting: RHB Bill Schroeder
|
0-0: Ground out 5-3 (Groundball, 5S, EV 87.5 MPH)
|
| Bottom of the 3rd over - 0 runs, 2 hits, 0 errors, 2 left on base; Phoenix 0 - Spokane 0 |
| TOP OF THE 4TH |
|
Phoenix Giants batting - Pitching for Spokane Indians : RHP Sammy Stewart
|
|
Batting: LHB Bobby V Mitchell
|
0-0: Ball 1-0: Ball 2-0: Ball 3-0: Called Strike 3-1: Fly out, F7 (Flyball, 7S, EV 72.5 MPH)
|
|
Batting: LHB Ernie Riles
|
0-0: Ball 1-0: Ball 2-0: Foul Ball, location: 2F 2-1: SINGLE (Line Drive, 6D, EV 106.9 MPH)
|
|
Batting: SHB John Macauley
|
0-0: Ball 1-0: Swinging Strike 1-1: Ball 2-1: Ball 3-1: Called Strike 3-2: Fly out, F8 (Flyball, 8LXD, EV 106.9 MPH) Runner from 1st tags up, SAFE at 2nd
|
|
Batting: RHB Paul Zuvella
|
0-0: Called Strike 0-1: Ball 1-1: Ball 2-1: DOUBLE (Flyball, 78XD, EV 93.8 MPH) Ernie Riles scores
|
|
Batting: LHB Joseph Bruno
|
0-0: Called Strike 0-1: Ball 1-1: Ball 2-1: Ground out 3-1 (Groundball, 34, EV 97.5 MPH)
|
| Top of the 4th over - 1 run, 2 hits, 0 errors, 1 left on base; Phoenix 1 - Spokane 0 |
| BOTTOM OF THE 4TH |
|
Spokane Indians batting - Pitching for Phoenix Giants : RHP Phil Huffman
|
|
Batting: SHB Mark Gillaspie
|
0-0: Ball 1-0: Swinging Strike 1-1: Ball 2-1: Foul Ball, location: 2F 2-2: Fly out, F7 (Flyball, 7D, EV 98.1 MPH)
|
|
Batting: RHB Matthew Tyner
|
0-0: Called Strike 0-1: Foul Ball, location: 2F 0-2: Foul Ball, location: 2F 0-2: Strikes out looking
|
|
Batting: RHB Larry Fobbs
|
0-0: Foul Ball, location: 2F 0-1: Foul Ball, location: 2F 0-2: SINGLE (Groundball, 34D, EV 104.4 MPH)
|
|
Batting: RHB Cleo Smith
|
0-0: Called Strike 0-1: Foul Ball, location: 2F 0-2: Fly out, F8 (Flyball, 8RS, EV 97.5 MPH)
|
| Bottom of the 4th over - 0 runs, 1 hit, 0 errors, 1 left on base; Phoenix 1 - Spokane 0 |
| TOP OF THE 5TH |
|
Phoenix Giants batting - Pitching for Spokane Indians : RHP Sammy Stewart
|
|
Batting: RHB Adam Veldman
|
0-0: Ball 1-0: Ball 2-0: Called Strike 2-1: Ball 3-1: Ground out 6-3 (Groundball, 6, EV 85.6 MPH)
|
|
Batting: LHB Frank Gill
|
0-0: SINGLE (Line Drive, 9LS, EV 89.4 MPH)
|
|
Batting: RHB Tom Wieghaus
|
0-0: Called Strike 0-1: Grounds into double play, 6-4-3 (Groundball, 6, EV 84.4 MPH)
|
| Top of the 5th over - 0 runs, 1 hit, 0 errors, 0 left on base; Phoenix 1 - Spokane 0 |
| BOTTOM OF THE 5TH |
|
Spokane Indians batting - Pitching for Phoenix Giants : RHP Phil Huffman
|
|
Batting: RHB Ty Waller
|
0-0: Ball 1-0: Called Strike 1-1: Called Strike 1-2: Fly out, F9 (Flyball, 9D, EV 82.5 MPH)
|
|
Batting: SHB Jose Oquendo
|
0-0: Reached on error, E4 (Groundball, 4S, EV 84.4 MPH)
|
|
Batting: LHB Stu Pederson
|
0-0: Fly out, F5 (Popup, 5F, EV 61.9 MPH)
|
|
Batting: LHB Darren Daulton
|
0-0: Ball 1-0: Ball 2-0: Ball 3-0: Base on Balls Jose Oquendo to second
|
|
Batting: RHB Bill Schroeder
|
0-0: Ground out 5-3 (Groundball, 5S, EV 84.4 MPH)
|
| Bottom of the 5th over - 0 runs, 0 hits, 1 error, 2 left on base; Phoenix 1 - Spokane 0 |
| TOP OF THE 6TH |
|
Phoenix Giants batting - Pitching for Spokane Indians : RHP Sammy Stewart
|
|
Batting: LHB Raymond Rivas
|
0-0: Ball 1-0: Ball 2-0: Ball 3-0: Base on Balls
|
|
Batting: LHB Bobby V Mitchell
|
0-0: Ball 1-0: Called Strike 1-1: Ball 2-1: Ball 3-1: Swinging Strike 3-2: Foul Ball, location: 2F 3-2: Strikes out swinging Raymond Rivas is caught stealing 2nd base 2-6 Batter strikes out.
|
|
Batting: LHB Ernie Riles
|
0-0: Called Strike 0-1: Ball 1-1: Ball 2-1: DOUBLE (Flyball, 89D, EV 97.5 MPH)
|
|
Batting: SHB John Macauley
|
0-0: Intentional Walk
|
|
Batting: RHB Paul Zuvella
|
0-0: Fielders Choice at 2nd, 6-4 (Groundball, 6, EV 78.8 MPH)
|
| Top of the 6th over - 0 runs, 1 hit, 0 errors, 2 left on base; Phoenix 1 - Spokane 0 |
| BOTTOM OF THE 6TH |
|
Spokane Indians batting - Pitching for Phoenix Giants : RHP Phil Huffman
|
|
Batting: SHB Mark Gillaspie
|
0-0: SOLO HOME RUN (Line Drive, 89XD, EV 105.0 MPH), Distance : 400 ft
|
|
Batting: RHB Matthew Tyner
|
0-0: Ball 1-0: Called Strike 1-1: Ball 2-1: Fly out, F4 (Popup, 4M, EV 60.6 MPH)
|
|
Batting: RHB Larry Fobbs
|
0-0: Called Strike 0-1: Ball 1-1: Fly out, F9 (Line Drive, 9D, EV 109.4 MPH)
|
|
Batting: RHB Cleo Smith
|
0-0: Swinging Strike 0-1: SINGLE (Flyball, 5D, EV 95.6 MPH)
|
|
Batting: RHB Ty Waller
|
0-0: Ball 1-0: Fly out, F5 (Flyball, 56D, EV 88.1 MPH)
|
| Bottom of the 6th over - 1 run, 2 hits, 0 errors, 1 left on base; Phoenix 1 - Spokane 1 |
| TOP OF THE 7TH |
|
Phoenix Giants batting - Pitching for Spokane Indians : RHP Sammy Stewart
|
|
Batting: LHB Joseph Bruno
|
0-0: Fly out, F8 (Flyball, 8RS, EV 73.8 MPH)
|
|
Batting: RHB Adam Veldman
|
0-0: Ball 1-0: Foul Ball, location: 2F 1-1: SINGLE (Groundball, 6MD, EV 106.3 MPH)
|
|
Batting: LHB Frank Gill
|
0-0: Foul Ball, location: 2F 0-1: Fly out, F4 (Flyball, 4D, EV 95.6 MPH)
|
|
Batting: RHB Tom Wieghaus
|
0-0: Ball 1-0: Ball 2-0: Swinging Strike 2-1: Foul Ball, location: 2F 2-2: Ball 3-2: Ground out 5-3 (Groundball, 56, EV 101.9 MPH)
|
| Top of the 7th over - 0 runs, 1 hit, 0 errors, 1 left on base; Phoenix 1 - Spokane 1 |
| BOTTOM OF THE 7TH |
|
Spokane Indians batting - Pitching for Phoenix Giants : RHP Phil Huffman
|
|
Batting: SHB Jose Oquendo
|
0-0: Called Strike 0-1: Ground out 4-3 (Groundball, 4, EV 84.4 MPH)
|
|
Batting: LHB Stu Pederson
|
0-0: Ground out 6-3 (Groundball, 6M, EV 82.5 MPH)
|
|
Batting: LHB Darren Daulton
|
0-0: Ground out 4-3 (Groundball, 4, EV 87.5 MPH)
|
| Bottom of the 7th over - 0 runs, 0 hits, 0 errors, 0 left on base; Phoenix 1 - Spokane 1 |
| TOP OF THE 8TH |
|
Phoenix Giants batting - Pitching for Spokane Indians : RHP Sammy Stewart
|
|
Batting: LHB Raymond Rivas
|
0-0: Ground out 5-3 (Groundball, 5S, EV 68.8 MPH)
|
|
Batting: LHB Bobby V Mitchell
|
0-0: Ball 1-0: Ball 2-0: Ball 3-0: Called Strike 3-1: Fly out, F7 (Flyball, 7, EV 86.9 MPH)
|
|
Batting: LHB Ernie Riles
|
0-0: Called Strike 0-1: Ball 1-1: SINGLE (Groundball, 34D, EV 104.4 MPH) (infield hit)
|
|
Batting: SHB John Macauley
|
0-0: Called Strike 0-1: Ball 1-1: Ball 2-1: Foul Ball, location: 2F 2-2: Foul Ball, location: 2F 2-2: Foul Ball, location: 2F 2-2: Ball 3-2: Hit by Pitch Ernie Riles to second
|
|
Batting: RHB Paul Zuvella
|
0-0: Ball 1-0: Swinging Strike 1-1: DOUBLE (Line Drive, 7LM, EV 108.1 MPH) Ernie Riles scores John Macauley to third Runner from 3rd tries for Home, SAFE, throw by LF to home
|
|
Batting: LHB Joseph Bruno
|
0-0: Intentional Walk
|
|
Batting: RHB Adam Veldman
|
0-0: Ball 1-0: Fly out, F8 (Line Drive, 8RM, EV 93.8 MPH)
|
| Top of the 8th over - 2 runs, 2 hits, 0 errors, 2 left on base; Phoenix 3 - Spokane 1 |
| BOTTOM OF THE 8TH |
|
Spokane Indians batting - Pitching for Phoenix Giants : RHP Phil Huffman
|
|
Batting: RHB Bill Schroeder
|
0-0: Called Strike 0-1: Ball 1-1: Swinging Strike 1-2: Strikes out looking
|
|
Batting: SHB Mark Gillaspie
|
0-0: Ball 1-0: Foul Ball, location: 2F 1-1: Called Strike 1-2: Ground out U3 (Groundball, 3, EV 81.3 MPH)
|
|
Batting: RHB Matthew Tyner
|
0-0: Called Strike 0-1: Ball 1-1: Swinging Strike 1-2: Ball 2-2: Strikes out swinging
|
| Bottom of the 8th over - 0 runs, 0 hits, 0 errors, 0 left on base; Phoenix 3 - Spokane 1 |
| TOP OF THE 9TH |
|
Phoenix Giants batting - Pitching for Spokane Indians : RHP Sammy Stewart
|
|
Batting: LHB Frank Gill
|
0-0: Swinging Strike 0-1: Ball 1-1: Swinging Strike 1-2: SINGLE (Line Drive, 34, EV 105.0 MPH)
|
|
Batting: RHB Tom Wieghaus
|
0-0: Bunt missed! 0-1: Ball 1-1: Bunted foul 1-2: Ball 2-2: Ball 3-2: Foul Ball, location: 2F 3-2: Foul Ball, location: 2F 3-2: Foul Ball, location: 2F 3-2: Ground out 6-3 (Groundball, 6MS, EV 75.6 MPH) Frank Gill to second
|
|
Batting: LHB Raymond Rivas
|
0-0: Ball 1-0: Ground out 6-3 (Groundball, 6, EV 83.1 MPH) Frank Gill to third
|
|
Batting: LHB Bobby V Mitchell
|
0-0: Called Strike 0-1: Ball 1-1: Ground out 5-3 (Groundball, 56, EV 93.8 MPH)
|
| Top of the 9th over - 0 runs, 1 hit, 0 errors, 1 left on base; Phoenix 3 - Spokane 1 |
| BOTTOM OF THE 9TH |
|
Spokane Indians batting - Pitching for Phoenix Giants : RHP Phil Huffman
|
|
Pitching: RHP Charles Davis
|
|
|
Batting: RHB Larry Fobbs
|
0-0: Foul Ball, location: 2F 0-1: Ball 1-1: Called Strike 1-2: Ball 2-2: Foul Ball, location: 2F 2-2: Ball 3-2: SINGLE (Groundball, 6MS, EV 68.8 MPH) (infield hit)
|
|
Pinch Hitting: LHB Dave Stockstill
|
0-0: Ball 1-0: SINGLE (Groundball, 6MD, EV 98.8 MPH) Larry Fobbs to second
|
|
Pinch Hitting: LHB Joseph Lentsch
|
0-0: Ball 1-0: Swinging Strike 1-1: Ball 2-1: Called Strike 2-2: SINGLE (Line Drive, 7LS, EV 104.4 MPH) Larry Fobbs to third Dave Stockstill to second
|
|
Batting: SHB Jose Oquendo
|
0-0: Ball 1-0: Foul Ball, location: 2F 1-1: Ball 2-1: Fielders Choice at 2nd, 3-6 (Groundball, 3, EV 86.9 MPH) Larry Fobbs scores Dave Stockstill to third
|
|
Batting: LHB Stu Pederson
|
0-0: Called Strike 0-1: Foul Ball, location: 2F 0-2: Ball 1-2: Foul Ball, location: 2F 1-2: Foul Ball, location: 2F 1-2: Ball 2-2: SINGLE (Line Drive, 8LS, EV 112.5 MPH) Dave Stockstill scores Jose Oquendo to second Runner from 2nd tries for 3rd, SAFE, throw by CF made to third
|
|
Pitching: RHP Enrique Romo
|
|
|
Batting: LHB Darren Daulton
|
0-0: Called Strike 0-1: Called Strike 0-2: Strikes out swinging
|
|
Batting: RHB Bill Schroeder
|
0-0: Called Strike 0-1: Ball 1-1: Swinging Strike 1-2: SINGLE (Line Drive, 34D, EV 95.0 MPH) Jose Oquendo scores
|
| Bottom of the 9th over - 3 runs, 5 hits, 0 errors, 0 left on base; Phoenix 3 - Spokane 4 |
|